AoeStats
← scottysimo

Arabia

509192570Analyzed
1v1 RM · 5d ago on Sep 25, 2026· 37m 30s· 2 players
Game mode
Random Map
Map size
Tiny (2 player)
Population
200
Speed
Normal
Resources
Standard
Victory
Conquest
Starting age
Dark Age
Ending age
Imperial Age
RankedLock teamsTeams togetherTeam positionsShared explorationLock speedFull tech treeHidden civsTurbo modeCheats
Victory
Defeat
🇬🇧 Japanese · United Kingdom
899
+16
🇲🇽 Vietnamese · Mexico
895
-16
Moonblossom
9:58 Feudal Age
11:06 Loom
20:17 Castle Age
18:24 Double-Bit Axe
19:04 Horse Collar
22:02 Stone Mining
22:28 Bow Saw
22:20 Heavy Plow
22:41 Town Watch
23:00 Gold Mining
26:07 Padded Archer Armor
26:00 Fletching
26:12 Pikeman
33:26 Elite Skirmisher
35:17 Wheelbarrow
35:49 Leather Archer Armor
35:30 Bodkin Arrow
scottysimo
2:57 Loom
9:59 Feudal Age
10:23 Man-at-Arms
13:42 Wheelbarrow
17:19 Double-Bit Axe
17:49 Horse Collar
21:15 Castle Age
20:11 Stone Mining
21:03 Bloodlines
21:02 Scale Mail Armor
21:19 Forging
21:15 Scale Barding Armor
28:33 Hand Cart
28:42 Fletching
29:37 Bow Saw
30:19 Heavy Plow
33:11 Iron Casting
32:36 Scale Mail Armor
32:34 Bodkin Arrow
33:49 Town Watch
37:24 Imperial Age
35:55 Chain Mail Armor
36:11 Town Patrol
37:10 Chain Barding Armor
38:27 Kataparuto
Connection lost

Rejoining the realm…

Still unreachable

The connection could not be restored.

Session expired

The server has moved on; the page needs a fresh start.